Map: Beckett Industries LE

Players

LoTuSsSs

  • Race: Terran Terran
  • League: Gold

blcyber - Winner!

  • Race: Zerg Zerg
  • League: Gold

VOD

Have the link to the VOD?

Description

Time

  • Played on: June 21, 2021, 7:15 p.m.
  • Length: 11:50
Show
View Real Time Build Order
Export as new Build Order

LoTuSsSs Terran 

Build Orders:  

Get SALT Encoding   

  12  0:00  SCV  
  13  0:12  SCV  
  14  0:22  Supply Depot  
  14  0:24  SCV  
  15  0:44  SCV  
  15  0:45  Barracks  
  16  0:51  Supply Depot  
  16  0:56  SCV  
  17  1:03  Refinery  
  17  1:08  SCV  
  18  1:20  SCV  
  19  1:37  Marine, Command Center  
  20  1:45  SCV  
  21  1:55  Marine  
  21  1:58  Bunker  
  22  2:02  SCV  
  23  2:12  Marine  
  23  2:15  Orbital Command  
  24  2:28  Engineering Bay  
  24  2:30  Marine  
  24  2:34  Supply Depot  
  25  2:51  Supply Depot  
  25  2:52  SCV  
  25  2:53  Refinery  
  25  2:55  Orbital Command  
  26  3:04  Supply Depot  
  26  3:14  Barracks Reactor  
  26  3:15  Supply Depot  
  26  3:20  SCV  
  26  3:21  SCV  
  28  3:29  Missile Turret  
  28  3:38  SCV x2, Missile Turret  
  30  3:47  Supply Depot  
  30  3:51  Marine x2  
  30  3:53  SCV  
  34  3:55  SCV  
  34  4:06  Missile Turret  
  34  4:09  Marine x2  
  36  4:13  Barracks  
  36  4:19  Sensor Tower  
  36  4:30  Barracks  
  36  4:32  Barracks  
  36  4:34  SCV  
  36  4:36  Barracks  
  37  4:51  Missile Turret  
  37  4:55  Missile Turret  
  37  4:57  Factory  
  37  4:59  SCV  
  39  5:00  SCV  
  39  5:10  Supply Depot  
  39  5:12  SCV x2  
  41  5:15  Supply Depot  
  41  5:17  Terran Infantry Weapons Level 1  
  41  5:21  Barracks Tech Lab  
  41  5:22  Barracks Tech Lab  
  41  5:27  Barracks Reactor  
  41  5:37  SCV, Barracks Reactor  
  42  5:43  Factory Tech Lab, Refinery  
  42  5:44  Refinery  
  42  5:46  Marauder x2  
  42  5:48  Concussive Shells  
  50  5:50  Stimpack  
  46  5:53  SCV x2  
  46  5:55  Marine x2  
  50  6:04  Missile Turret  
  50  6:07  Marine  
  50  6:10  Engineering Bay  
  51  6:11  Siege Tank  
  51  6:16  Marine  
  51  6:17  Marine x2  
  57  6:19  Marine  
  58  6:26  Missile Turret  
  58  6:30  Combat Shield  
  58  6:31  Starport  
  58  6:32  Marine x2, Starport  
  60  6:37  Terran Infantry Armor Level 1  
  60  6:41  Marine x3  
  63  6:47  Siege Tank  
  66  7:06  Marine  
  66  7:07  Marine x5  
  66  7:08  Marine, Medivac  
  75  7:17  SCV x2  
  75  7:19  Siege Tank  
  80  7:29  SCV x2  
  73  7:41  SCV x2  
  73  7:42  Marine  
  73  7:43  Marine x5  
  73  7:44  Marine  
  77  7:46  Medivac x2  
  78  7:57  Supply Depot  
  78  7:59  Supply Depot  
  78  8:00  Supply Depot  
  78  8:01  Siege Tank  
  78  8:02  Supply Depot  
  81  8:16  Medivac x2  
  85  8:30  Command Center, Refinery  
  85  8:31  Refinery  
  85  8:32  Marine x6  
  85  8:33  Siege Tank  
  94  8:47  Armory  
  94  8:56  Starport Reactor x2  
  94  8:57  Marine x2  
  94  8:58  Marine x6  
  102  9:22  Barracks  
  102  9:23  Barracks  
  102  9:24  Barracks  
  102  9:26  Marine x2  
  102  9:27  Marine x2, Barracks  
  106  9:35  Medivac x2  
  110  9:40  Siege Tank  
  113  9:51  Missile Turret  
  113  9:53  Missile Turret  
  113  9:55  Planetary Fortress  
  113  9:57  Missile Turret  
  113  9:59  SCV x2  
  115  10:22  Missile Turret  
  65  10:38  Marine  
  65  10:39  Marine x7  
  65  10:40  Marine  
  65  10:41  Missile Turret  
  65  10:58  Siege Tank  
  63  11:13  Marine x6  
  48  11:26  Marine  
  48  11:27  Marine x5  
Show
View Real Time Build Order
Export as new Build Order

blcyber Zerg - Winner!

Build Orders: Hatch First 

Get SALT Encoding   

  12  0:00  Drone  
  13  0:13  Overlord  
  13  0:21  Drone  
  14  0:37  Drone x3  
  17  1:03  Hatchery  
  16  1:06  Drone  
  16  1:09  Extractor, Drone  
  17  1:20  Spawning Pool  
  17  1:22  Drone  
  17  1:24  Drone  
  18  1:31  Drone  
  19  1:51  Overlord  
  19  2:06  Zergling x2  
  19  2:07  Zergling x2  
  21  2:09  Queen  
  21  2:13  Metabolic Boost  
  23  2:18  Queen  
  25  2:27  Drone  
  26  2:40  Drone  
  26  2:41  Drone x2  
  26  2:42  Hatchery, Drone  
  29  2:45  Drone  
  30  2:52  Overlord  
  30  3:02  Queen  
  32  3:06  Overlord  
  32  3:07  Drone  
  32  3:09  Drone  
  35  3:27  Drone x6  
  35  3:28  Drone  
  41  3:36  Drone  
  41  3:38  Drone  
  43  3:56  Spore Crawler  
  43  3:58  Spore Crawler  
  41  4:08  Overlord  
  41  4:09  Queen  
  43  4:13  Extractor  
  43  4:15  Drone x3  
  45  4:21  Evolution Chamber, Drone x3  
  45  4:22  Evolution Chamber, Drone  
  47  4:25  Queen  
  47  4:27  Drone x6  
  55  4:32  Overlord  
  55  4:42  Zergling x4  
  55  4:43  Zergling x2  
  58  4:48  Baneling Nest, Lair  
  58  4:52  Queen  
  59  5:12  Overlord  
  59  5:15  Zerg Melee Weapons Level 1  
  59  5:17  Zerg Ground Armor Level 1  
  59  5:20  Drone x2  
  59  5:21  Drone x7  
  65  5:22  Drone x2  
  70  5:41  Zergling x4  
  70  5:42  Zergling x10  
  77  5:48  Centrifical Hooks  
  77  5:52  Extractor  
  77  5:54  Drone x3  
  77  5:55  Extractor  
  77  5:57  Overlord  
  78  5:59  Drone x3  
  81  6:05  Drone  
  81  6:09  Overlord  
  82  6:22  Spore Crawler  
  81  6:33  Drone x3  
  81  6:34  Hydralisk Den  
  81  6:36  Zergling x12  
  81  6:37  Overlord  
  89  7:01  Hatchery x2  
  87  7:12  Grooved Spines  
  87  7:17  Drone x3  
  87  7:18  Extractor  
  87  7:20  Overlord  
  87  7:21  Overlord  
  87  7:22  Extractor, Drone x3  
  90  7:34  Zergling x4  
  90  7:35  Zergling x14  
  98  7:46  Hatchery  
  97  8:05  Overlord  
  97  8:06  Overlord x2  
  97  8:08  Hydralisk x6  
  97  8:11  Baneling x2  
  97  8:12  Baneling x3  
  109  8:13  Zergling x2  
  109  8:14  Zergling x2  
  111  8:24  Muscular Augments  
  111  8:28  Pneumatized Carapace  
  111  8:33  Overlord  
  111  8:34  Zergling x6, Hydralisk  
  111  8:35  Infestation Pit, Zergling x4, Hydralisk x6  
  111  8:36  Hydralisk x2  
  133  8:51  Drone x4  
  133  8:52  Drone  
  133  8:54  Overlord  
  138  9:01  Baneling x5  
  138  9:02  Zergling x4  
  140  9:03  Zergling x12, Hydralisk  
  140  9:04  Zergling x4, Hydralisk x4  
  158  9:12  Drone  
  158  9:13  Drone x2  
  158  9:14  Queen  
  158  9:15  Overlord  
  158  9:16  Drone x2  
  165  9:42  Drone  
  165  9:43  Overlord x2  
  165  9:44  Overlord x2  
  166  9:53  Hive  
  166  9:59  Lurker Den  
  165  10:04  Zergling x6, Hydralisk x2  
  165  10:05  Hydralisk x7  
  165  10:06  Hydralisk x4  
  194  10:07  Zergling x8  
  194  10:09  Overlord x2  
  197  10:27  Hatchery  
  177  10:32  Zergling x4  
  177  10:33  Zergling x16  
  177  10:34  Zergling x14  
  159  10:46  Evolution Chamber  
  148  10:52  Zergling x6  
  148  10:53  Zergling x12  
  140  11:10  Extractor, Drone x4  
  140  11:11  Extractor, Drone x4  
  116  11:29  Zergling x14  
  116  11:30  Zergling x10  
Tags
 
Add a new tag
Caveats
  • Supply blocks, unpowered buildings, or Contaminate may cause inaccurate times.
  • Supply counts are checked every 10 seconds.